Map: [ESL] Altitude

Players

Bly

  • Race: Zerg Zerg
  • Spawn Location: 1:00

GunGFuBanDa - Winner!

  • Race: Protoss Protoss
  • Spawn Location: 7:00

Event: ESL SC2 Masters 2023 Summer (Regionals)

VOD

Have the link to the VOD?

Description

Time

  • Played on: May 7, 2023, 1:29 p.m.
  • Length: 21:31

All games in this series

Show
View Real Time Build Order
Export as new Build Order

Bly Zerg 

Build Orders: Hatch First 

Get SALT Encoding   

  12  0:00  Drone  
  13  0:13  Overlord  
  13  0:17  Drone  
  14  0:31  Drone  
  14  0:32  Drone  
  16  0:40  Drone  
  17  0:58  Hatchery  
  16  1:14  Drone x2  
  16  1:17  Spawning Pool  
  17  1:38  Hatchery  
  16  1:42  Drone  
  16  1:46  Drone  
  18  1:48  Extractor  
  18  1:53  Drone  
  18  1:54  Drone  
  19  2:04  Queen  
  21  2:09  Evolution Chamber  
  21  2:11  Overlord  
  21  2:16  Zergling x2  
  23  2:26  Overlord  
  23  2:40  Hatchery  
  23  2:44  Queen  
  22  2:45  Drone  
  25  2:53  Queen  
  26  2:58  Metabolic Boost  
  26  3:01  Zergling x2  
  26  3:04  Zergling x2  
  28  3:10  Zergling x4  
  30  3:16  Zergling x4  
  32  3:24  Drone x2  
  33  3:35  Queen  
  33  3:37  Drone  
  36  3:42  Spore Crawler  
  35  3:50  Drone x3  
  38  3:56  Drone x2  
  39  4:03  Drone  
  39  4:04  Spore Crawler  
  39  4:08  Drone x2  
  42  4:15  Spore Crawler  
  42  4:16  Drone  
  42  4:17  Drone  
  43  4:28  Drone x5  
  48  4:36  Drone, Spore Crawler  
  48  4:40  Drone x2  
  48  4:44  Overlord  
  50  4:45  Overlord  
  47  4:53  Overlord  
  46  5:04  Drone x6  
  52  5:09  Lair  
  51  5:23  Drone x4, Roach Warren  
  51  5:24  Drone x2  
  51  5:26  Drone  
  57  5:32  Evolution Chamber  
  57  5:33  Drone x3  
  59  5:37  Overlord  
  59  5:39  Drone x2  
  61  5:49  Drone x4, Overlord  
  65  5:52  Overlord  
  65  5:54  Overlord  
  65  5:56  Extractor  
  64  5:58  Extractor  
  64  5:59  Overlord  
  64  6:03  Drone x4  
  63  6:04  Drone  
  63  6:07  Glial Reconstitution  
  64  6:15  Extractor, Drone x2  
  64  6:16  Drone x2  
  64  6:17  Roach x3  
  75  6:18  Roach  
  75  6:20  Zergling x2  
  75  6:21  Zergling x2  
  75  6:24  Zergling x4  
  79  6:26  Zergling x4  
  79  6:30  Zergling x2  
  81  6:40  Zerg Melee Weapons Level 1  
  81  6:47  Roach x5  
  81  6:49  Overlord  
  81  6:50  Hatchery  
  88  7:07  Drone x5  
  88  7:08  Drone  
  94  7:09  Extractor x2  
  94  7:14  Zergling x10  
  97  7:17  Spire  
  96  7:25  Roach x5  
  96  7:29  Drone x3  
  105  7:31  Drone  
  105  7:32  Overlord x3  
  106  7:47  Overlord  
  106  7:49  Overlord  
  106  7:50  Hatchery  
  106  7:51  Zergling x8  
  107  8:01  Zergling x12  
  111  8:12  Roach  
  111  8:13  Roach x5  
  111  8:23  Zergling x8  
  112  8:44  Mutalisk x9  
  112  8:45  Mutalisk x2  
  129  8:57  Zerg Flyer Weapons Level 1, Overseer  
  129  9:00  Zergling x16  
  137  9:09  Zergling x8  
  141  9:11  Baneling Nest  
  140  9:21  Roach  
  140  9:22  Roach x7  
  140  9:24  Overlord  
  154  9:25  Overlord  
  154  9:26  Overlord  
  154  9:28  Overlord  
  154  9:36  Overlord  
  154  9:47  Overlord  
  154  9:52  Overlord  
  152  9:57  Mutalisk x6  
  152  9:59  Hatchery  
  159  10:05  Overseer  
  151  10:09  Drone x4  
  151  10:10  Drone x2  
  151  10:12  Spine Crawler  
  151  10:13  Spore Crawler  
  151  10:14  Drone, Spine Crawler  
  154  10:23  Zergling x2  
  154  10:25  Overseer  
  155  10:34  Baneling x5  
  155  10:35  Centrifugal Hooks  
  155  10:39  Drone x9  
  164  10:44  Tunneling Claws  
  164  10:46  Burrow  
  164  10:52  Zergling x20  
  174  10:57  Overlord  
  174  11:03  Overlord  
  171  11:16  Drone x3  
  171  11:18  Extractor  
  191  11:29  Ravager x10  
  191  11:31  Zergling x12  
  191  11:32  Zergling x4  
  189  11:33  Baneling x20  
  189  11:44  Roach  
  189  11:45  Roach x5  
  180  11:58  Roach x8  
  167  12:05  Roach x6  
  157  12:12  Roach x3  
  151  12:20  Ravager  
  151  12:21  Zergling x8  
  132  12:32  Roach x5  
  126  12:43  Roach  
  111  12:46  Baneling x5  
  111  12:47  Zergling x10  
  111  12:51  Zergling x8  
  91  13:14  Roach x6  
  93  13:22  Drone  
  93  13:23  Drone  
  89  13:34  Ravager x3  
  89  13:38  Drone  
  89  13:39  Drone x2  
  89  13:40  Drone x2  
  93  13:52  Queen x2  
  95  14:07  Hatchery  
  95  14:09  Roach x5  
  104  14:23  Roach x3  
  110  14:28  Queen  
  112  14:43  Drone x3  
  115  14:57  Baneling x4  
  115  15:06  Roach x5  
  115  15:23  Hatchery  
  114  15:35  Drone x4  
  118  15:48  Drone x3  
  118  15:49  Drone x2  
  123  15:51  Baneling  
  123  15:52  Baneling x4  
  123  15:53  Roach x16  
  123  15:56  Ravager x6  
  128  16:23  Roach x8  
  132  16:31  Baneling x10  
  125  16:44  Overlord  
  125  16:45  Roach  
  119  16:49  Overlord  
  119  17:01  Roach x5  
  119  17:06  Roach x4  
  119  17:07  Roach  
  123  17:14  Drone x6  
  124  17:46  Zerg Flyer Weapons Level 2  
  124  17:54  Hatchery  
  124  17:55  Mutalisk x6  
  130  18:08  Mutalisk x2  
  134  18:16  Roach x3  
  134  18:17  Roach  
  134  18:18  Roach x3  
  134  18:27  Mutalisk x3  
  140  18:38  Roach  
  140  18:40  Roach x15  
  132  19:03  Mutalisk x4  
  140  19:18  Overseer  
  140  19:24  Mutalisk x3  
  146  19:47  Ravager x7  
  153  20:13  Roach x6  
  163  20:44  Roach x7  
Show
View Real Time Build Order
Export as new Build Order

GunGFuBanDa Protoss - Winner!

Build Orders: Oracle Opening 

Get SALT Encoding   

  12  0:00  Probe  
  13  0:12  Probe  
  14  0:19  Pylon  
  14  0:24  Probe  
  15  0:38  Probe (Chrono Boost), Gateway  
  16  0:46  Probe (Chrono Boost)  
  16  0:47  Assimilator  
  17  0:52  Probe  
  19  1:04  Probe  
  19  1:07  Pylon  
  19  1:16  Probe  
  20  1:24  Zealot (Chrono Boost)  
  20  1:25  Cybernetics Core  
  20  1:28  Probe  
  23  1:39  Pylon  
  23  1:40  Probe  
  23  1:47  Zealot  
  26  1:54  Probe  
  26  1:57  Assimilator  
  27  2:07  Probe  
  28  2:12  Stargate  
  28  2:20  Adept (Chrono Boost)  
  30  2:31  Pylon  
  30  2:46  Warp Gate  
  30  2:49  Adept  
  30  2:50  Probe  
  33  3:04  Nexus  
  33  3:09  Oracle (Chrono Boost)  
  36  3:22  Probe  
  37  3:28  Pylon  
  37  3:35  Probe  
  38  3:42  Gateway  
  38  3:46  Oracle  
  41  3:49  Probe  
  42  4:01  Probe  
  43  4:14  Probe (Chrono Boost)  
  43  4:16  Probe (Chrono Boost)  
  45  4:23  Oracle  
  50  4:25  Probe (Chrono Boost)  
  50  4:26  Probe (Chrono Boost)  
  50  4:30  Probe (Chrono Boost)  
  51  4:31  Probe (Chrono Boost)  
  51  4:34  Stalker  
  51  4:37  Stalker  
  56  4:41  Probe  
  56  4:42  Probe  
  58  4:49  Pylon  
  58  4:54  Probe  
  59  5:01  Probe  
  59  5:04  Twilight Council  
  59  5:06  Probe  
  61  5:13  Probe  
  62  5:18  Probe  
  62  5:19  Stalker x2  
  67  5:25  Probe  
  67  5:27  Pylon  
  68  5:29  Nexus  
  68  5:37  Probe, Blink (Chrono Boost)  
  68  5:38  Probe  
  68  5:41  Assimilator  
  70  5:49  Probe  
  71  5:51  Shield Battery  
  71  5:54  Zealot  
  71  5:55  Stalker  
  75  6:00  Probe  
  74  6:10  Probe  
  75  6:13  Probe  
  75  6:15  Forge  
  75  6:16  Gateway  
  76  6:19  Gateway  
  76  6:23  Probe  
  76  6:25  Probe  
  78  6:35  Pylon  
  78  6:37  Robotics Facility  
  78  6:40  Probe x3  
  78  6:42  Stalker x2  
  85  6:52  Probe x2  
  85  6:53  Probe  
  88  7:04  Probe x2  
  88  7:05  Probe  
  88  7:06  Stalker x2  
  88  7:07  Pylon  
  95  7:10  Protoss Ground Weapons Level 1 (Chrono Boost)  
  95  7:13  Pylon, Forge  
  95  7:15  Pylon  
  92  7:16  Probe x2  
  92  7:17  Probe  
  92  7:21  Stalker x2  
  99  7:28  Probe x2, Charge (Chrono Boost)  
  101  7:33  Dark Shrine  
  101  7:37  Photon Cannon  
  101  7:48  Pylon  
  101  7:51  Pylon  
  101  8:00  Zealot x3  
  101  8:01  Zealot  
  104  8:08  Probe (Chrono Boost)  
  104  8:09  Protoss Ground Armor Level 1 (Chrono Boost)  
  104  8:10  Shield Battery  
  105  8:13  Probe x2 (Chrono Boost), Nexus  
  105  8:15  Gateway  
  105  8:17  Pylon  
  105  8:18  Probe (Chrono Boost)  
  106  8:28  Stalker x2  
  106  8:29  Stalker x2  
  114  8:36  Photon Cannon  
  114  8:39  Probe  
  114  8:40  Probe  
  114  8:50  Probe  
  114  8:51  Probe, Protoss Ground Weapons Level 2 (Chrono Boost)  
  114  8:52  Probe  
  114  8:53  Stalker x4  
  125  8:57  Warp Prism  
  125  9:02  Probe  
  128  9:03  Probe  
  128  9:07  Gateway  
  128  9:09  Gateway  
  129  9:19  Dark Templar x2  
  131  9:30  Stalker  
  131  9:31  Stalker x2  
  135  9:33  Assimilator  
  123  9:49  Probe x2  
  123  9:52  Zealot x2  
  128  9:53  Assimilator  
  128  9:55  Zealot x3  
  128  9:58  Photon Cannon  
  124  10:07  Probe (Chrono Boost)  
  124  10:10  Pylon  
  124  10:12  Probe (Chrono Boost)  
  124  10:13  Probe x2 (Chrono Boost)  
  125  10:14  Dark Templar x2  
  125  10:16  Zealot x2, Sentry  
  125  10:17  Zealot  
  125  10:19  Shield Battery  
  125  10:20  Archon  
  137  10:22  Pylon  
  137  10:27  Probe  
  138  10:29  Probe x2  
  138  10:30  Protoss Ground Armor Level 2 (Chrono Boost)  
  138  10:35  Zealot  
  142  10:42  Dark Templar  
  144  10:43  Zealot  
  144  10:44  Zealot x2  
  144  10:49  Photon Cannon  
  150  10:51  Gateway  
  150  10:52  Gateway  
  150  10:54  Pylon  
  150  10:55  Assimilator  
  150  10:57  Dark Templar  
  150  10:58  Zealot, Dark Templar  
  156  11:07  Archon  
  150  11:14  Probe (Chrono Boost)  
  137  11:20  Probe x2 (Chrono Boost)  
  137  11:26  Dark Templar  
  137  11:27  Dark Templar, Stalker x2  
  137  11:28  Probe  
  146  11:35  Archon  
  146  11:46  Stalker x2  
  150  11:49  Cybernetics Core  
  115  12:04  Stalker x2  
  115  12:05  Stalker x2  
  97  12:20  Stalker  
  97  12:21  Stalker  
  95  12:22  Pylon  
  95  12:25  Probe (Chrono Boost)  
  95  12:26  Shield Battery  
  85  12:30  Probe (Chrono Boost)  
  85  12:34  Probe (Chrono Boost)  
  84  12:38  Probe (Chrono Boost)  
  84  12:43  Zealot, Dark Templar x2  
  84  12:44  Zealot  
  88  13:00  Archon  
  82  13:19  Photon Cannon  
  82  13:21  Stalker x3  
  88  13:30  Stalker  
  90  13:53  Probe (Chrono Boost)  
  91  14:02  Probe x2 (Chrono Boost)  
  95  14:03  Probe x2 (Chrono Boost)  
  95  14:08  Probe (Chrono Boost)  
  98  14:10  Probe x3 (Chrono Boost)  
  98  14:16  Pylon  
  99  14:19  Probe (Chrono Boost)  
  101  14:26  Probe (Chrono Boost)  
  101  14:27  Probe (Chrono Boost)  
  102  14:31  Probe (Chrono Boost)  
  102  14:32  Probe (Chrono Boost)  
  102  14:35  Observer (Chrono Boost)  
  107  14:39  Probe x2 (Chrono Boost)  
  107  14:42  Probe (Chrono Boost)  
  107  14:43  Probe (Chrono Boost)  
  110  14:48  Probe (Chrono Boost)  
  110  14:51  Probe (Chrono Boost)  
  110  14:52  Probe x2 (Chrono Boost)  
  113  14:56  Probe (Chrono Boost)  
  115  15:00  Probe (Chrono Boost)  
  115  15:06  Probe (Chrono Boost)  
  118  15:12  Probe x2 (Chrono Boost)  
  118  15:13  Observer  
  120  15:16  Probe (Chrono Boost)  
  120  15:20  Probe (Chrono Boost)  
  120  15:21  Probe (Chrono Boost)  
  121  15:23  Probe  
  121  15:26  Stalker x4  
  121  15:27  Stalker x3  
  137  15:45  Dark Templar  
  137  15:46  Dark Templar  
  137  15:48  Probe (Chrono Boost)  
  137  15:49  Probe (Chrono Boost)  
  145  15:53  Probe (Chrono Boost), Archon  
  145  15:54  Probe (Chrono Boost), Photon Cannon  
  146  15:59  Probe x2 (Chrono Boost)  
  146  16:02  Probe (Chrono Boost), Photon Cannon  
  149  16:06  Probe (Chrono Boost)  
  149  16:08  Probe x2 (Chrono Boost)  
  149  16:09  Probe (Chrono Boost)  
  152  16:13  Probe (Chrono Boost)  
  152  16:15  Probe  
  149  16:23  Probe x2 (Chrono Boost)  
  149  16:25  Probe (Chrono Boost)  
  142  16:29  Probe (Chrono Boost)  
  142  16:30  Zealot x5  
  156  16:41  Probe x3 (Chrono Boost)  
  156  16:42  Probe (Chrono Boost), Observer  
  156  16:53  Zealot x5  
  166  16:58  Probe (Chrono Boost)  
  166  17:01  Probe (Chrono Boost)  
  158  17:09  Stalker x2  
  158  17:10  Stalker x5  
  158  17:12  Observer  
  158  17:13  Probe x2 (Chrono Boost)  
  173  17:20  Probe (Chrono Boost)  
  173  17:22  Photon Cannon  
  175  17:24  Probe (Chrono Boost)  
  175  17:26  Observer  
  173  17:30  Probe (Chrono Boost)  
  173  17:31  Probe (Chrono Boost)  
  173  17:33  Probe (Chrono Boost)  
  174  17:40  Probe  
  174  17:43  Dark Templar x2  
  179  17:48  Dark Templar x3  
  179  17:49  Dark Templar  
  179  17:50  Probe  
  188  17:54  Archon x2  
  188  17:57  Photon Cannon  
  188  18:00  Pylon  
  188  18:06  Protoss Ground Weapons Level 3 (Chrono Boost)  
  188  18:07  Protoss Ground Armor Level 3 (Chrono Boost)  
  188  18:24  Archon  
  188  18:26  Observer  
  188  18:32  Stalker x3  
  188  18:33  Stalker  
  195  18:42  Probe  
  196  18:54  Nexus, Photon Cannon, Shield Battery  
  196  18:56  Photon Cannon  
  196  19:16  Pylon  
  195  19:24  Gateway, Photon Cannon  
  195  19:27  Gateway  
  195  19:31  Observer  
  195  19:37  Zealot x2  
  199  19:41  Photon Cannon  
  199  19:42  Photon Cannon  
  199  19:45  Assimilator  
  198  19:53  Stalker  
  196  20:07  Photon Cannon x2  
  196  20:12  Stalker x2  
  200  20:32  Pylon  
  188  20:37  Stalker x4  
  188  20:38  Stalker x2  
  192  20:57  Stalker x4  
  192  20:59  Photon Cannon  
  199  21:14  Probe  
  194  21:24  Photon Cannon  
Tags
 
Add a new tag
Caveats
  • Supply blocks, unpowered buildings, or Contaminate may cause inaccurate times.
  • Supply counts are checked every 10 seconds.